 Dungeon Crawl Stone Soup version 0.29.0-4-gdea44cf6ec (webtiles) character file.

Game seed: 4590052867201877975

70 qw the Ruffian (level 4, -1/35 HPs)
             Began as a Ghoul Fire Elementalist on Aug 29, 2022.
             Slain by a black bear (2 damage)
             ... on level 3 of the Dungeon.
             The game lasted 00:02:35 (2860 turns).

qw the Ruffian (Ghoul Fire Elementalist)            Turns: 2860, Time: 00:02:36

Health: -1/35      AC: 12    Str: 13    XL:     4   Next: 22%
Magic:  5/5        EV: 14    Int: 10    God:
Gold:   156        SH:  0    Dex:  9    Spells: 5/6 levels left

rFire   . . .      SeeInvis .     - Unarmed
rCold   + . .      Faith    .   (no shield)
rNeg    + + +      Spirit   .   i - +0 ring mail
rPois   inf        Reflect  .   (no helmet)
rElec   .          Harm     .   e - +1 cloak
rCorr   .          Rampage  .   k - +0 pair of gloves
Will    .....                   (no boots)
Stlth   +.........              (no amulet)
HPRegen 0.00/turn               g - +4 ring of protection
MPRegen 0.09/turn               n - +4 ring of evasion

@: about to teleport, inhibited regen
A: claws 1, cold resistance 1, negative energy resistance 3, inhibited
regeneration, torment resistance 2, devour on kill
a: no special abilities


You were on level 3 of the Dungeon.
You visited 1 branch of the dungeon, and saw 4 of its levels.

You collected 210 gold pieces.
You spent 54 gold pieces at shops.


Innate Abilities, Weirdness & Mutations

You are immune to poison.
You have sharp fingernails.
Your flesh is cold resistant. (rC+)
You are immune to negative energy. (rN+++)
You do not regenerate when monsters are visible.
You are immune to unholy pain and torment.
You thrive by killing the living.


   Skills:
 - Level 1.0 Fighting
 - Level 1.7 Dodging
 - Level 2.1 Stealth
 + Level 3.8 Unarmed Combat
 - Level 1.7 Spellcasting
 - Level 0.7 Conjurations
 - Level 2.4 Fire Magic


You had 5 spell levels left.
You knew the following spells:

 Your Spells              Type           Power      Damage    Failure   Level
a - Foxfire               Conj/Fire      16%        2x1d4     36%         1

Your spell library contained the following spells:

 Spells                   Type           Power      Damage    Failure   Level
 Scorch                   Fire           10%        2d5       36%         2
 Conjure Flame            Conj/Fire      4%         6-21      73%         3
 Inner Flame              Hex/Fire       3%         N/A       78%         3
 Flame Wave               Conj/Fire      4%         2d5       98%         4

Inventory:

Armour
 e - a +1 cloak (worn)
 i - a +0 ring mail (worn)
 k - a +0 pair of gloves (worn)
Jewellery
 g - a +4 ring of protection (left hand)
 n - a +4 ring of evasion (right hand)
Scrolls
 m - a scroll of identify
Potions
 c - 2 potions of heal wounds
 d - a potion of cancellation
 j - a potion of curing
 l - a potion of might {unknown}

Dungeon Overview and Level Annotations

Branches:
Dungeon (4/15)
 Temple: D:4-7

Altars:

Shops:
D:1 [*   D:4 [


Message History

The black bear claws you but does no damage.
The black bear barely misses you.
You hit the black bear.
The black bear is heavily wounded.
The black bear misses you. The black bear closely misses you.
The black bear claws you but does no damage.
You hit the black bear.
The black bear is heavily wounded.
You hit the black bear.
The black bear is severely wounded.
The black bear bites you but does no damage.
The black bear claws you but does no damage.
The black bear closely misses you.
You hit the black bear.
The black bear is severely wounded.
The black bear bites you. The black bear misses you.
The black bear claws you but does no damage.
You closely miss the black bear.
The black bear is severely wounded.
The black bear goes berserk!
You hit the black bear but do no damage.
The black bear is severely wounded.
The black bear bites you. The black bear closely misses you.
The black bear barely misses you.
The black bear bites you but does no damage.
The black bear claws you but does no damage.
The black bear misses you.
You barely miss the black bear.
The black bear is severely wounded.
The black bear bites you! The black bear barely misses you. x2
You hit the black bear.
The black bear is almost dead.
The black bear barely misses you. The black bear claws you.
The black bear barely misses you. The black bear bites you.
The black bear claws you. The black bear closely misses you.
2860 ||| READING scroll of teleportation.
As you read the scroll of teleportation, it crumbles to dust.
You feel strangely unstable. The black bear barely misses you.
The black bear claws you. x2
You die...

..##.###.......# #
..##..##.......# #
..###..........############## #
..# ###........##...........# #
########.......##....>......#####
.............#..............'....
........:....##.............#####
............................'....
................@h..........#####
...........<.###....[.......#
.............###............#
.............'.#............# #
.............#.#|...........# #
.########.####.#.############ #
.# #...# #.#.# # .# #.###
#.#.###### # .# #.# #.#.#....# #


You could see a black bear (berserk).

Vanquished Creatures
  2 adders
  A worm (D:3)
  A dart slug (D:3)
  An orc (D:3)
  3 endoplasms
  3 giant cockroaches
  5 goblins
  A hobgoblin (D:2)
  2 jackals (D:3)
  4 kobolds
  A quokka (D:2)
  9 ball pythons
  2 bats (D:2)
  6 frilled lizards
  5 rats
46 creatures vanquished.

Vanquished Creatures (others)
  5 plants (D:1)
5 creatures vanquished.

Grand Total: 51 creatures vanquished

Notes
Turn   | Place    | Note
-------+----------+-------------------------------------------
     0 | D:1      | qw the Ghoul Fire Elementalist began the quest for the Orb.
     0 | D:1      | Reached XP level 1. HP: 14/14 MP: 2/2
     0 | D:1      | 0 ||| qw: Version: 0.1-a-90-g952f4b7
     0 | D:1      | 0 ||| qw: Game counter: 3778
     0 | D:1      | 0 ||| qw: Always use a shield: true
     0 | D:1      | 0 ||| qw: God list: Okawaru
     0 | D:1      | 0 ||| qw: Allow faded altars: false
     0 | D:1      | 0 ||| qw: Do Orc after D:15 true
     0 | D:1      | 0 ||| qw: Do second Lair branch before Depths: true
     0 | D:1      | 0 ||| qw: Lair rune preference: random
     0 | D:1      | 0 ||| qw: Plans: Normal
     0 | D:1      | 0 ||| PLANNING D:1-11
    71 | D:1      | 71 ||| Stepping ~*~*~tactically~*~*~ (stealth).
   127 | D:1      | 127 ||| Stepping ~*~*~tactically~*~*~ (stealth).
   128 | D:1      | 128 ||| Stepping ~*~*~tactically~*~*~ (stealth).
   219 | D:1      | Found a faded altar of an unknown god.
   224 | D:1      | Found Lidobiul's Antique Armour Shop.
   236 | D:1      | 236 ||| SHOPLISTING dazzling leather armour (126 gold, have
                  | 8).
   236 | D:1      | 236 ||| SHOPLISTING glowing leather armour (90 gold, have
                  | 8).
   236 | D:1      | 236 ||| SHOPLISTING pair of boots (81 gold, have 8).
   236 | D:1      | 236 ||| SHOPLISTING ring mail (72 gold, have 8).
   236 | D:1      | 236 ||| SHOPLISTING runed ring mail (126 gold, have 8).
   236 | D:1      | 236 ||| SHOPLISTING runed robe (66 gold, have 8).
   260 | D:1      | Reached skill level 1 in Unarmed Combat
   555 | D:1      | Reached skill level 1 in Fighting
   555 | D:1      | Reached XP level 2. HP: 23/23 MP: 3/3
   898 | D:1      | 898 ||| Stepping ~*~*~tactically~*~*~ (stealth).
   900 | D:1      | 900 ||| Stepping ~*~*~tactically~*~*~ (stealth).
   973 | D:1      | 973 ||| Stepping ~*~*~tactically~*~*~ (stealth).
   975 | D:1      | 975 ||| Stepping ~*~*~tactically~*~*~ (stealth).
   976 | D:1      | 976 ||| Stepping ~*~*~tactically~*~*~ (stealth).
   985 | D:1      | Found Mafu's Assorted Antiques.
   998 | D:1      | 998 ||| SHOPLISTING pair of embroidered gloves (135 gold,
                  | have 58).
   998 | D:1      | 998 ||| BUYING scroll labelled KEUNUAWELL (18 gold).
   998 | D:1      | Bought a scroll labelled KEUNUAWELL for 18 gold pieces
   998 | D:1      | 998 ||| BUYING scroll labelled KEUNUAWELL (18 gold).
   998 | D:1      | Bought a scroll labelled KEUNUAWELL for 18 gold pieces
   998 | D:1      | 998 ||| BUYING scroll labelled QEOPHIOBLUA (18 gold).
   998 | D:1      | Bought a scroll labelled QEOPHIOBLUA for 18 gold pieces
   998 | D:1      | 998 ||| SHOPLISTING scroll labelled UDIDEO FIEHYFF (18
                  | gold, have 4).
   998 | D:1      | 998 ||| SHOPLISTING viscous inky potion (16 gold, have 4).
  1214 | D:1      | 1214 ||| UPGRADING to +0 leather armour.
  1224 | D:1      | 1224 ||| DROPPING +0 robe.
  1225 | D:1      | 1225 ||| UPGRADING to +0 cloak.
  1230 | D:1      | 1230 ||| UPGRADING to +0 ring mail.
  1240 | D:1      | 1240 ||| DROPPING +0 leather armour.
  1241 | D:1      | 1241 ||| UPGRADING to +4 ring of protection.
  1242 | D:1      | 1242 ||| READING 2 scrolls labelled QEOPHIOBLUA.
  1343 | D:1      | 1343 ||| READING 3 scrolls labelled BIOHAD GIYTOXZE.
  1344 | D:1      | 1344 ||| READING 2 scrolls labelled KEUNUAWELL.
  1345 | D:1      | 1345 ||| READING scroll of enchant armour.
  1345 | D:1      | 1345 ||| ENCHANTING +0 cloak.
  1346 | D:1      | 1346 ||| READING scroll labelled WAENUWEPTI.
  1351 | D:1      | 1351 ||| DRINKING 2 murky pink potions.
  1352 | D:1      | 1352 ||| READING 2 scrolls of identify.
  1352 | D:1      | 1352 ||| IDENTIFYING sapphire potion
  1353 | D:1      | 1353 ||| DROPPING potion of magic.
  1354 | D:1      | 1354 ||| DROPPING potion of flight.
  1355 | D:1      | 1355 ||| DROPPING scroll of silence.
  1408 | D:2      | 1408 ||| Stepping ~*~*~tactically~*~*~ (stealth).
  1410 | D:2      | 1410 ||| Stepping ~*~*~tactically~*~*~ (stealth).
  1576 | D:2      | Reached skill level 2 in Unarmed Combat
  1686 | D:2      | 1686 ||| Stepping ~*~*~tactically~*~*~ (outnumbered).
  1687 | D:2      | 1687 ||| Stepping ~*~*~tactically~*~*~ (outnumbered).
  1688 | D:2      | 1688 ||| Stepping ~*~*~tactically~*~*~ (outnumbered).
  1689 | D:2      | 1689 ||| Stepping ~*~*~tactically~*~*~ (outnumbered).
  1690 | D:2      | 1690 ||| Stepping ~*~*~tactically~*~*~ (outnumbered).
  1691 | D:2      | 1691 ||| Stepping ~*~*~tactically~*~*~ (outnumbered).
  1713 | D:2      | Reached XP level 3. HP: 23/28 MP: 4/4
  1790 | D:2      | 1790 ||| Stepping ~*~*~tactically~*~*~ (outnumbered).
  1894 | D:2      | Reached skill level 3 in Unarmed Combat
  2062 | D:2      | 2062 ||| UPGRADING to +0 pair of gloves.
  2067 | D:2      | 2067 ||| UPGRADING to +4 ring of evasion.
  2068 | D:2      | 2068 ||| READING scroll labelled XUS DAZIHE.
  2069 | D:2      | 2069 ||| READING scroll labelled NOTHEI VOLUEZO.
  2070 | D:2      | 2070 ||| DRINKING 2 viscous inky potions.
  2071 | D:2      | 2071 ||| READING 3 scrolls of identify.
  2071 | D:2      | 2071 ||| IDENTIFYING viscous orange potion
  2072 | D:2      | 2072 ||| READING 2 scrolls of identify.
  2072 | D:2      | 2072 ||| IDENTIFYING glowing yellow potion
  2073 | D:2      | 2073 ||| DROPPING potion of brilliance.
  2158 | D:3      | 2158 ||| Stepping ~*~*~tactically~*~*~ (outnumbered).
  2159 | D:3      | 2159 ||| Stepping ~*~*~tactically~*~*~ (outnumbered).
  2186 | D:3      | Reached XP level 4. HP: 35/35 MP: 5/5
  2204 | D:3      | 2204 ||| Stepping ~*~*~tactically~*~*~ (stealth).
  2807 | D:3      | 2807 ||| READING 4 scrolls of identify.
  2807 | D:3      | 2807 ||| IDENTIFYING murky white potion
  2808 | D:3      | 2808 ||| READING 3 scrolls of identify.
  2808 | D:3      | 2808 ||| IDENTIFYING fizzy emerald potion
  2809 | D:3      | 2809 ||| READING 2 scrolls of identify.
  2809 | D:3      | 2809 ||| IDENTIFYING ruby potion
  2810 | D:3      | 2810 ||| DROPPING potion of lignification.
  2811 | D:3      | 2811 ||| DROPPING potion of degeneration.
  2812 | D:3      | 2812 ||| DROPPING potion of invisibility.
  2836 | D:4      | Noticed a black bear
  2836 | D:4      | Found Adiampa's Antique Armour Boutique.
  2838 | D:4      | 2838 ||| STAIRDANCE
  2859 | D:3      | HP: 4/35 [black bear (5)]
  2860 | D:3      | 2860 ||| READING scroll of teleportation.
  2860 | D:3      | HP: 1/35 [black bear (2)]
  2860 | D:3      | Slain by a black bear

Levels and vault maps discovered:
D:1:      minmay_arrival_split_and_join, layout_basic,
          hellmonk_ecumenical_altar_heavens_door, serial_shops,
          nicolae_shop_overgrown_old_shop, shop, serial_bayou_lagoon_b
D:2:      layout_loops_ring
D:3:      layout_basic
D:4:      layout_cave_pods, nicolae_overflow_hidden_temple, trog_wizard,
          serial_shops, nicolae_lakefront_shop, shop, shop, kennysheep_mini,
          kennysheep_little_box, minmay_ruptured, uniq_robin, uniq_blork_the_orc

Skill      XL: |  1  2  3 |
---------------+----------+-----
Unarmed Combat | 1 2 3 |  3.8
Fighting       | 1 |  1.0
Dodging        | |  1.7
Stealth        | |  2.1
Spellcasting   | |  1.7
Conjurations   | |  0.7
Fire Magic     | |  2.4

Action                   |  1- 3 |  4- 6 || total
-------------------------+-------+-------++-------
Melee: Unarmed           |   159 |    55 ||   214
       Punch             |     6 |     3 ||     9
  Use: Scroll            |    10 |     4 ||    14
       Potion            |     2 |       ||     2
Armor: Robe              |     6 |       ||     6
       Ring mail         |    66 |    31 ||    97
Dodge: Dodged            |    83 |    45 ||   128

Table legend:
 A = Non-vault XP
 B = Vault XP
 C = Vault XP percentage of total XP
 D = Non-vault monster count
 E = Vault monster count
 F = Vault count percentage of total count
                 A         B        C        D         E       F
            +---------+---------+-------+---------+---------+-------
      Total |     101 |       0 |   0.0 |      46 |       0 |   0.0
            +---------+---------+-------+---------+---------+-------
        D:1 |      17 |       0 |   0.0 |      11 |       0 |   0.0
        D:2 |      45 |       0 |   0.0 |      22 |       0 |   0.0
        D:3 |      39 |       0 |   0.0 |      13 |       0 |   0.0
            +---------+---------+-------+---------+---------+-------
